 Dungeon Crawl Stone Soup version 0.26-a0-1132-ge9770dfcb6 (webtiles) character file.

Game seed: 734515853246666576

340 jasper the Slasher (level 6, -2/48 HPs)
             Began as a Demonspawn Delver on Dec 20, 2020.
             Was a Follower of Makhleb.
             Splashed by a jelly's acid (6 damage)
             ... on level 7 of the Dungeon.
             The game lasted 00:05:24 (3400 turns).

jasper the Slasher (Demonspawn Delver)              Turns: 3400, Time: 00:05:25

Health: -2/48      AC: -14   Str: 15    XL:     6   Next: 30%
Magic:  0/6        EV:  9    Int: 11    God:    Makhleb [*.....]
Gold:   80         SH:  3    Dex: 14    Spells: 5/5 levels left

rFire    . . .     SeeInvis .   a - +0 falchion
rCold    . . .     Faith    .   l - +0 buckler
rNeg     . . .     Spirit   +   o - +0 scale mail
rPois    .         Reflect  .   (helmet restricted)
rElec    .         Harm     .   (no cloak)
rCorr    .         Rampage  .   (no gloves)
Will     .....                  (no boots)
Stlth    +.........             (no amulet)
HPRegen  0.16/turn              (no ring)
MPRegen  0.10/turn              (no ring)

@: corroded
A: antennae 1, demonic guardian 1, magic shield
a: Renounce Religion


You were on level 7 of the Dungeon.
You worshipped Makhleb.
Makhleb was aware of your devotion.
You visited 1 branch of the dungeon, and saw 4 of its levels.

You collected 80 gold pieces.

Inventory:

Hand Weapons
 a - a +0 falchion (weapon)
 s - a +1 dagger of venom
Missiles
 i - 7 boomerangs of dispersal
 m - 53 stones (quivered)
Armour
 b - a +0 leather armour
 j - a +0 ring mail
 l - a +0 buckler (worn)
 o - a +0 scale mail (worn)
Jewellery
 r - a cursed ring of teleportation {unknown}
Wands
 g - a wand of digging (3)
 q - a wand of acid (9)
Scrolls
 c - a scroll of fog
 d - a scroll of magic mapping
 e - a scroll of fear
 k - 2 scrolls of identify {unknown}
 n - 2 scrolls of remove curse {unknown}
 p - 2 scrolls of teleportation {unknown}
Potions
 f - a potion of haste
 h - a potion of might {unknown}


   Skills:
 - Level 4.0 Fighting
 * Level 5.6 Long Blades
 - Level 1.7 Dodging
 - Level 4.5 Stealth


You had 5 spell levels left.
You didn't know any spells.
Your spell library was empty.

Dungeon Overview and Level Annotations

Branches:
Dungeon (7/15)
 Temple: D:4-7

Altars:
Cheibriados
Dithmenos
Gozag
Makhleb
Okawaru
Qazlal
Zin

Shops:
D:4 :

Annotations:
D:4 Dowan, Duvessa, Grinder
D:5 exclusion: upstairs


Innate Abilities, Weirdness & Mutations

You have a pair of small antennae on your head.
A weak demonic guardian rushes to your aid.
When hurt, damage is shared between your health and your magic reserves.


Message History

You can't see any targets that would be affected.
That beam is likely to hit you.
Continue anyway?
Okay, then.
You hit the jelly.
Your hands burn!
The jelly is almost dead.
The jelly hits you.
* * * LOW HITPOINT WARNING * * *
The acid corrodes you!
You are splashed with acid.
* * * LOW HITPOINT WARNING * * *
You take 9 damage, and have 9/48 hp.
The jelly barely misses you. The jelly hits you.
* * * LOW HITPOINT WARNING * * *
The acid corrodes you!
You are splashed with acid.
* * * LOW HITPOINT WARNING * * *
You take 5 damage, and have 5/48 hp.
You now have 1/6 mp.
The jelly hits you.
* * * LOW HITPOINT WARNING * * *
The acid corrodes you!
You are splashed with acid!
You die...

#............#
#.##.##.# #.##.
#............#
#.##.##.# #.##.
#............#
#.##.##.# #.##.
#####........#
#.......# #.##.
#........#
#.##.#### #.##.
#........# #.##.#
#.##. #........#
#.##.# #.##.
#.......J###.##.#
#.##.
##.......@...##.#
#.##.
##############.#
#.### #.######.#
#........#
##########


You could see a jelly.

Vanquished Creatures
  A wyvern zombie (D:6)
  A hound (D:5)
  2 orc wizards (D:7)
  An iguana (D:5)
  2 adders (D:5)
  2 white imps
  An ufetubus (D:7)
  An ooze (D:5)
  A dart slug (D:4)
  11 orcs
  A giant cockroach (D:5)
  A goblin (D:5)
  2 hobgoblins (D:5)
  5 jackals (D:5)
  2 kobolds (D:5)
  3 quokkas
  A ball python (D:5)
  A frilled lizard (D:4)
39 creatures vanquished.

Vanquished Creatures (collateral kills)
  A centaur (D:5)
  A scorpion (D:5)
  An orc (D:7)
3 creatures vanquished.

Vanquished Creatures (others)
  An orc wizard (D:7)
1 creature vanquished.

Grand Total: 43 creatures vanquished

Notes
Turn   | Place    | Note
-------+----------+-------------------------------------------
     0 | D:5      | jasper the Demonspawn Delver began the quest for the Orb.
     0 | D:5      | Reached XP level 1. HP: 18/18 MP: 1/1
   154 | D:5      | Found a burning altar of Makhleb.
   159 | D:5      | Became a worshipper of Makhleb the Destroyer
   176 | D:4      | Reached skill level 2 in Long Blades
   180 | D:4      | Noticed Grinder
   201 | D:4      | Noticed Duvessa
   202 | D:4      | Noticed Dowan
   210 | D:4      | Found Giuniria's Book Shoppe.
   216 | D:4      | Noticed a phantom
   223 | D:4      | Found a shadowy altar of Dithmenos.
   224 | D:4      | Noticed an orc priest
   288 | D:5      | Gained mutation: A weak demonic guardian rushes to your
                  | aid. [demonic ancestry]
   288 | D:5      | Reached XP level 2. HP: 4/24 MP: 2/2
   539 | D:5      | Noticed a centaur
   545 | D:5      | Killed a centaur
   546 | D:5      | Reached skill level 3 in Long Blades
   546 | D:5      | Reached XP level 3. HP: 17/29 MP: 3/3
   894 | D:5      | Gained mutation: You have a pair of small antennae on your
                  | head. [demonic ancestry]
   894 | D:5      | Reached XP level 4. HP: 18/37 MP: 4/4
  1071 | D:5      | Found a snail-covered altar of Cheibriados.
  1194 | D:5      | Reached skill level 4 in Long Blades
  1209 | D:5      | Gained mutation: When hurt, damage is shared between your
                  | health and your magic reserves. [demonic ancestry]
  1209 | D:5      | Reached XP level 5. HP: 41/42 MP: 5/5
  1734 | D:5      | Reached * piety under Makhleb
  1744 | D:5      | Found an iron altar of Okawaru.
  1936 | D:5      | Found a glowing silver altar of Zin.
  1937 | D:5      | Found an opulent altar of Gozag.
  1974 | D:6      | Noticed an ogre
  1984 | D:6      | Found a stormy altar of Qazlal.
  2510 | D:6      | Reached skill level 5 in Long Blades
  3085 | D:7      | Reached XP level 6. HP: 34/48 MP: 4/6
  3400 | D:7      | Splashed by a jelly's acid

Illustrated notes

Levels and vault maps discovered:
D:4:      cheibrodos_fertilizer, layout_rooms, serial_shops, shop,
          minmay_fountain_box, nicolae_dithmenos_shadow_blocks, uniq_grinder,
          uniq_duvessa
D:5:      minmay_spotlight, layout_cave_pools,
          grunt_temple_overflow_gold_and_silver, cheibriados_altar_1,
          kennysheep_little_box, minmay_misc_feat_x, okawaru_altar_gauntlet_db
D:6:      minmay_thinvault, layout_rooms, lemuel_crystal_altar,
          nicolae_ru_great_annihilating_truth, vehumet_statue, basic_altar,
          gammafunk_ghost_cemetery, portal_sewer_entry_b
D:7:      lemuel_ratsnest, layout_basic, minmay_temple_entry_large_hall

Skill      XL: |  1  2  3  4  5 |
---------------+----------------+-----
Long Blades    | 2 3 4 5 |  5.6
Fighting       | 4 |  4.0
Dodging        | |  1.7
Stealth        | |  4.5

Action                   |  1- 3 |  4- 6 || total
-------------------------+-------+-------++-------
Melee: Falchion          |    54 |   151 ||   205
Throw: Stone             |     8 |    27 ||    35
Evoke: Wand              |       |     1 ||     1
  Use: Potion            |       |     3 ||     3
Armor: Ring mail         |    14 |       ||    14
       Leather armour    |     4 |       ||     4
       Scale mail        |       |    75 ||    75
Dodge: Dodged            |    22 |   104 ||   126
Block: Buckler           |    11 |    26 ||    37
       Rpst.: Falchion   |     6 |    37 ||    43

Table legend: (Time is in decaauts)
 A = Elapsed time spent in this place.
 B = Non-inter-level travel time spent in this place.
 C = Inter-level travel time spent in this place.
 D = Time resting spent in this place.
 E = Time spent auto-exploring this place.
 F = Levels seen in this place.
 G = Mean time per level.
                   A        B        C        D        E       F      G
               +--------+--------+--------+--------+--------+-----+--------+
         Total |   3418 |   3388 |     30 |   1389 |   1298 |   4 |  854.5 |
       Dungeon |   3418 |   3388 |     30 |   1389 |   1298 |   4 |  854.5 |
               +--------+--------+--------+--------+--------+-----+--------+

Top non-repeatable levels by time:
     D:5: 2393 daAuts
     D:7: 674 daAuts
     D:6: 245 daAuts
     D:4: 105 daAuts
